 Dungeon Crawl Stone Soup version 0.27.1 (webtiles) character file.

Game seed: 7246578690183683323

49 r3algoood the Grave Robber (level 3, -1/24 HPs)
             Began as a Vampire Necromancer on Aug 31, 2021.
             Succumbed to an adder's poison
             ... on level 2 of the Dungeon.
             The game lasted 00:05:09 (1209 turns).

r3algoood the Grave Robber (Vampire Necromancer)    Turns: 1209, Time: 00:05:09

Health: -1/24      AC:  2    Str:  7    XL:     3   Next: 53%
Magic:  0/6        EV: 12    Int: 18    God:
Gold:   4          SH:  0    Dex: 14    Spells: 2/7 levels left

rFire    . . .     SeeInvis +   f - staff of cold
rCold    + . .     Faith    .   (no shield)
rNeg     . . .     Spirit   .   a - +0 robe
rPois    .         Reflect  .   (no helmet)
rElec    .         Harm     .   (no cloak)
rCorr    .         Rampage  .   (no gloves)
Will     .....                  (no boots)
Stlth    ++........             (no amulet)
HPRegen  0.28/turn              (no ring)
MPRegen  0.10/turn              (no ring)

@: lethally poisoned (-1 -> -5), healing quickly
A: alive, fangs 3, see invisible, vampiric 2
a: Exsanguinate


You were on level 2 of the Dungeon.
You visited 1 branch of the dungeon, and saw 2 of its levels.

You collected 4 gold pieces.

Inventory:

Hand Weapons
 c - a +0 club
 d - a +0 short sword
Armour
 a - a +0 robe (worn)
Magical Staves
 f - a staff of cold (weapon)
Scrolls
 b - a scroll of identify {unknown}
Potions
 e - 2 potions of mutation {unknown}
 g - 2 potions of flight {unknown}
 h - a potion of heal wounds {unknown}


   Skills:
 + Level 2.4 Dodging
 + Level 3.1 Stealth
 + Level 2.6 Spellcasting
 + Level 5.3 Necromancy


You had 2 spell levels left.
You knew the following spells:

 Your Spells              Type           Power      Damage    Failure   Level
a - Pain                  Necr           84%        1d8       1%          1
b - Animate Skeleton      Necr           42%        N/A       1%          1
c - Vampiric Draining     Necr           10%        2d7       6%          3

Your spell library contained the following spells:

 Spells                   Type           Power      Damage    Failure   Level
 Animate Dead             Necr           10%        N/A       19%         4
 Agony                    Necr           21%        N/A       47%         5


Dungeon Overview and Level Annotations

Branches:
Dungeon (2/15)

Altars:

Shops:
D:2 [


Innate Abilities, Weirdness & Mutations

Your natural rate of healing is accelerated.
You have razor-sharp teeth.
You have supernaturally acute eyesight. (SInv)
You are afflicted with vampirism and can become a bat while bloodless.


Message History

Aiming: Pain (safe; 1% risk of failure)
Press: ? - help, Shift-Dir - straight line, f - adder
Aim: an adder (chance to affect: 86%)
The adder writhes in agony.
The adder bites you.
You are poisoned.
The adder poisons you! The adder bites you but does no damage.
The rat closely misses you.
Unknown command.
Casting: Pain (safe; 1% risk of failure)
Confirm with . or Enter, or press ? or * to list all spells.
You don't have enough magic to cast this spell.
Unknown command.
You feel sick.
You feel sick.
You feel sick.
You feel sick. The adder bites you.
You feel sick.
You feel sick.
Casting: Pain (safe; 1% risk of failure)
Confirm with . or Enter, or press ? or * to list all spells.
Aiming: Pain (safe; 1% risk of failure)
Press: ? - help, Shift-Dir - straight line, f/p - adder
Aim: an adder (chance to affect: 86%)
The adder writhes in agony.
You feel sick.
You are no longer poisoned.
The adder bites you.
* * * LOW HITPOINT WARNING * * *
You are lethally poisoned!
The adder poisons you! The rat barely misses you.
* * * LOW HITPOINT WARNING * * *
You feel sick. The adder bites you but does no damage.
The ball python barely misses you. The ball python closely misses you.
* * * LOW HITPOINT WARNING * * *
You feel sick.
Casting: Pain (safe; 1% risk of failure)
Confirm with . or Enter, or press ? or * to list all spells.
You don't have enough magic to cast this spell.
You barely miss the adder.
The adder is moderately wounded.
You die...

.......#........#
.....###........#
8...( #........#
.... #........#
#.# ∩<8
#........####.#
...
#..........##.#
#rr....†##.##.####
#SS..)............
#@..####.#.##.####
##### #..........
##########.#.####
.................
...........#.####
...........+.#
...........#+####
..<....).........
.................


You could see an adder, a quokka, a ball python and a rat.

Vanquished Creatures
  A gnoll (D:1)
  A worm (D:2)
  A dart slug (D:1)
  2 ball pythons (D:1)
  2 bats (D:1)
  3 endoplasms
  2 giant cockroaches (D:1)
  2 goblins
  4 hobgoblins
  4 jackals (D:1)
  2 kobolds
  A quokka (D:1)
  4 rats
29 creatures vanquished.

Vanquished Creatures (collateral kills)
  A goblin (D:1)
1 creature vanquished.

Grand Total: 30 creatures vanquished

Notes
Turn   | Place    | Note
-------+----------+-------------------------------------------
     0 | D:1      | r3algoood the Vampire Necromancer began the quest for the
                  | Orb.
     0 | D:1      | Reached XP level 1. HP: 13/13 MP: 3/3
   206 | D:1      | Reached XP level 2. HP: 16/19 MP: 0/5
   338 | D:1      | Found a faded altar of an unknown god.
   522 | D:1      | Reached skill level 5 in Necromancy
   569 | D:1      | Learned a level 1 spell: Animate Skeleton
   600 | D:1      | Gained mutation: You are afflicted with vampirism and can
                  | become a bat while bloodless. [Vampire growth]
   600 | D:1      | Reached XP level 3. HP: 2/24 MP: 0/6
   782 | D:1      | Learned a level 3 spell: Vampiric Draining
  1190 | D:2      | Found Ipsesatu's Armour Boutique.
  1207 | D:2      | HP: 1/24 [poisoned by an adder]
  1209 | D:2      | Succumbed to an adder's poison

Illustrated notes

Levels and vault maps discovered:
D:1:      sevenhm_arrival_forest_fort_large_2, layout_rooms,
          ebering_ecumenical_altar_webs, minmay_hedge_maze
D:2:      layout_basic, serial_shops, nicolae_shop_statue_plus,
          minmay_hexomino_u4, uniq_terence

Skill      XL: |  1  2 |
---------------+-------+-----
Necromancy     | 5 |  5.3
Dodging        | |  2.4
Stealth        | |  3.1
Spellcasting   | |  2.6

Action                   || total
-------------------------++-------
Melee: Club              ||    12
       Bite              ||     3
       Staff             ||    13
 Cast: Pain              ||    54
       Animate Skeleton  ||     1
Armor: Robe              ||    14
Dodge: Dodged            ||    44
